 Dungeon Crawl Stone Soup version 0.19.3-1-g3169bf9 (webtiles) character file.

1040 ChocoTaco the Carver (level 8, -14/58 HPs)
             Began as a Formicid Fighter on Jan 27, 2017.
             Demolished by a gnoll
             ... wielding a +0 halberd
              (15 damage)
             ... on level 5 of the Dungeon.
             The game lasted 00:07:45 (6121 turns).

ChocoTaco the Carver (Formicid Fighter)             Turns: 6121, Time: 00:07:46

Health: -14/58     AC:  8    Str: 28      XL:     8   Next: 49%
Magic:  8/8        EV:  8    Int:  8      God:
Gold:   198        SH:  9    Dex:  9 (10) Spells: 0 memorised, 7 levels left

rFire  . . .     SeeInvis +     a - +0 long sword
rCold  . . .     Gourm    .     b - +0 scale mail
rNeg   . . .     Faith    .     c - +0 shield
rPois  .         Spirit   .     (helmet unavailable)
rElec  .         Reflect  .     (no cloak)
rCorr  .         Harm     .     d - +0 pair of gloves
MR     .....                    j - +0 pair of boots
Stlth  ..........               (no amulet)
                                (no ring)
                                (no ring)

@: mighty, drained
A: permanent stasis, dig shafts and tunnels, four strong arms, antennae 3
a: Dig, Shaft Self


You were on level 5 of the Dungeon.
You were hungry.

You visited 2 branches of the dungeon, and saw 6 of its levels.

You collected 198 gold pieces.

Inventory:

Hand Weapons
 a - a +0 long sword (weapon)
Armour
 b - a +0 scale mail (worn)
 c - a +0 shield (worn)
 d - a +0 pair of gloves (worn)
 j - a +0 pair of boots (worn)
Wands
 k - a wand of flame (25/48)
Scrolls
 g - a scroll of teleportation {unknown}
 h - 2 scrolls of magic mapping {unknown}
 i - 5 scrolls of identify {unknown}
 q - 4 scrolls of enchant weapon {unknown}
 s - a scroll of remove curse {unknown}
 t - 3 scrolls of fog {unknown}
 w - a scroll of blinking {unknown}
 y - a scroll of random uselessness {unknown}
Potions
 e - a potion of degeneration
 l - 2 potions of heal wounds
 m - 2 potions of curing
 n - a potion of might
 v - a potion of haste {unknown}
 x - a potion of lignification {unknown}
 z - a potion of berserk rage {unknown}
Books
 o - a book of Maledictions

   Spells                             Type                      Level
   a - Corona                         Hexes                        1
   b - Ensorcelled Hibernation        Hexes/Ice                    2
   c - Confuse                        Hexes                        3
   d - Tukima's Dance                 Hexes                        3
   e - Dazzling Spray                 Conjuration/Hexes            3
Comestibles
 f - 5 bread rations
 p - 2 royal jellies
 r - 5 meat rations
 u - 7 chunks of flesh


   Skills:
 - Level 3.2(2.7) Fighting
 + Level 9.6(8.9) Long Blades
 - Level 3.2(2.7) Armour
 - Level 3.6(3.0) Shields


You had 7 spell levels left.
You didn't know any spells.

Dungeon Overview and Level Annotations

Branches:
Dungeon (5/15)             Temple (1/1) D:4

Altars:
Ashenzari
Cheibriados
Dithmenos
Elyvilon
Fedhas
Gozag
Hepliaklqana
Kikubaaqudgha
Nemelex Xobeh
Qazlal
Ru
Sif Muna
Trog
Uskayaw
Xom
Yredelemnul
Zin


Innate Abilities, Weirdness & Mutations

You are under a permanent stasis effect.
You can dig through walls and to a lower floor.
Your four strong arms can wield two-handed weapons with a shield.
You have a pair of large antennae on your head. (SInv)


Message History

You hit the ice beast but do no damage.
The ice beast is heavily wounded.
The ice beast hits you but does no damage.
You barely miss the ice beast.
The ice beast is heavily wounded.
You block the ice beast's attack.
Your shield prevents you from hitting the ice beast.
The ice beast is heavily wounded.
The ice beast hits you but does no damage.
You closely miss the ice beast.
The ice beast is heavily wounded.
The ice beast hits you.
* * * LOW HITPOINT WARNING * * *
The ice beast freezes you!
* * * LOW HITPOINT WARNING * * *
You barely miss the ice beast.
The ice beast is heavily wounded.
You block the ice beast's attack.
The gnoll hits you from afar with a halberd!
You die...

.# #.......#
.#####.......#
.....######### .###.#
.# #.# .#
#.############
.###............#
.#.....##....##.######
.#..........)).oY@...#
.#.....##.##)##g####.#
#.....##.#...#gg# #
#.....+..#...##.##
#[....#..#...#.g.#
####+##.##...#gg.# #.
....#...####... ##
....#..........
#......).)...###


You could see an ice beast, a gnoll and an orc.

Vanquished Creatures
  The ghost of cheese the Shield-Bearer, an amateur GrFi (D:4)
  2 centaurs
  A crimson imp (D:5)
  3 hounds
  4 orc priests
  3 orc wizards
  Jessica (D:2)
  A centaur skeleton (D:4)
  An iguana (D:5)
  14 gnolls
  7 adders
  2 adder zombies (D:2)
  3 adder skeletons
  3 worms
  2 dart slugs
  2 leopard geckos
  25 orcs
  4 ball pythons
  10 bats
  2 bat zombies (D:2)
  4 giant cockroaches
  11 goblins
  6 hobgoblins
  4 jackals (D:2)
  5 quokkas
  12 frilled lizards
  A jackal skeleton (D:4)
  7 kobolds
  2 leopard gecko skeletons
  9 rats
152 creatures vanquished.

Notes
Turn   | Place    | Note
-------+----------+-------------------------------------------
     0 | D:1      | ChocoTaco the Formicid Fighter began the quest for the Orb.
     0 | D:1      | Reached XP level 1. HP: 18/18 MP: 1/1
   278 | D:1      | Reached XP level 2. HP: 20/24 MP: 2/2
   620 | D:1      | Reached skill level 3 in Long Blades
   830 | D:1      | Reached XP level 3. HP: 28/29 MP: 3/3
  1177 | D:2      | Noticed Jessica
  1187 | D:2      | Killed Jessica
  1187 | D:2      | Reached skill level 4 in Long Blades
  1187 | D:2      | Reached XP level 4. HP: 32/35 MP: 4/4
  1641 | D:2      | Reached XP level 5. HP: 39/41 MP: 5/5
  1830 | D:2      | Reached skill level 5 in Long Blades
  1993 | D:2      | Found a blossoming altar of Fedhas.
  2166 | D:2      | Found a shimmering altar of Xom.
  2232 | D:3      | Found an ancient bone altar of Kikubaaqudgha.
  2636 | D:3      | Reached XP level 6. HP: 25/47 MP: 6/6
  2639 | D:3      | Reached skill level 6 in Long Blades
  3090 | D:3      | Found a sparkling altar of Nemelex Xobeh.
  3840 | D:3      | Reached XP level 7. HP: 49/52 MP: 7/7
  3846 | D:3      | Reached skill level 7 in Long Blades
  3970 | D:4      | Noticed cheese's ghost (amateur GrFi)
  3993 | D:4      | Killed cheese's ghost
  4576 | D:4      | Reached skill level 8 in Long Blades
  4759 | D:4      | Found a hide-covered altar of Uskayaw.
  4806 | D:4      | Found a staircase to the Ecumenical Temple.
  4829 | Temple   | Entered the Ecumenical Temple
  5078 | D:4      | Reached XP level 8. HP: 49/58 MP: 8/8
  5189 | D:5      | Entered Level 5 of the Dungeon
  5277 | D:5      | Found a stormy altar of Qazlal.
  5362 | D:5      | Reached skill level 9 in Long Blades
  6120 | D:5      | HP: 1/58 [ice beast (12)]
  6121 | D:5      | Demolished by a gnoll

Skill      XL: |  1  2  3  4  5  6  7  8 |
---------------+-------------------------+-----
Long Blades    | 3 4 5 6 8 9 |  9.6
Fighting       | |  3.2
Armour         | |  3.2
Shields        | |  3.6

Action                   |  1- 3 |  4- 6 |  7- 9 || total
-------------------------+-------+-------+-------++-------
Melee: Long sword        |    79 |   261 |   224 ||   564
  Use: Potion            |     1 |     1 |     4 ||     6
  Eat: Chunk             |     1 |     7 |     9 ||    17
Armor: Scale mail        |    47 |   133 |    83 ||   263
Dodge: Dodged            |    33 |    90 |    78 ||   201
Block: Shield            |    68 |   174 |   112 ||   354
       Rpst.: Long sword |    10 |    29 |    26 ||    65
